 Dungeon Crawl Stone Soup version 0.30-a0-1163-gf69bf04e7a (webtiles) character file.

Game seed: 14911343255626398468

43 Esekla the Sneak (level 3, 0/26 HPs)
             Began as an Octopode Delver on Apr 29, 2023.
             Engulfed by an orc wizard's steam (12 damage)
             ... on level 5 of the Dungeon.
             The game lasted 00:05:51 (599 turns).

Esekla the Sneak (Octopode Delver)                   Turns: 599, Time: 00:05:51

Health: 0/26       AC:  1    Str: 11    XL:     3   Next: 58%
Magic:  3/3        EV: 13    Int: 14    God:
Gold:   94         SH:  0    Dex: 13    Spells: 3/3 levels left

rFire   . . .        a - +0 falchion
rCold   . . .        (no shield)
rNeg    . . .        (helmet restricted)
rPois   .            (no amulet)
rElec   .            (no ring)
rCorr   .            (no ring)
SInv    .            (no ring)
Will    .....        (no ring)
Stlth   ++++++       (no ring)
HPRegen 0.24/turn    (no ring)
MPRegen 0.08/turn    (no ring)
                     (no ring)

%: no passive effects
@: no status effects
A: almost no armour, amphibious, 8 rings, camouflage 1, gelatinous body 1,
nimble swimmer 1, tentacles
a: no special abilities


You were on level 5 of the Dungeon.
You visited 1 branch of the dungeon, and saw 1 of its levels.

You collected 94 gold pieces.

Inventory:

Hand Weapons
 a - a +0 falchion (weapon)
Wands
 f - a wand of digging (2)
Scrolls
 b - a scroll of fog
Potions
 c - a potion of berserk rage {unknown}
 e - a potion of haste


   Skills:
 * Level 3.2 Fighting
 * Level 2.2 Long Blades
 * Level 2.2 Dodging
 + Level 7.5 Stealth
 * Level 0.5 Spellcasting


You had 3 spell levels left.
You didn't know any spells.
Your spell library was empty.

Dungeon Overview and Level Annotations

Branches:
Dungeon (5/15)
 Temple: D:4-7

Altars:
Hepliaklqana
Sif Muna
Yredelemnul
Zin


Innate Abilities, Weirdness & Mutations

You cannot wear most types of armour.
You are amphibious.
You can wear up to eight rings at the same time.
Your skin changes colour to match your surroundings (Stealth+).
Your rubbery body absorbs attacks. (AC +1, EV +1)
You are camouflaged when in or above water. (Stealth+)
You have tentacles for arms and can constrict up to eight enemies at once.


Message History

You now have 94 gold pieces (gained 12).
The hound barks!
You barely miss the hound. You grab the hound. You tentacle-slap the hound.
The hound is lightly wounded.
You constrict the hound, but do no damage.
The hound barely misses you. The hound misses you.
You hit the hound.
The hound is moderately wounded.
You constrict the hound. The hound bites you.
You slash the hound! You squeeze the hound.
You kill the hound!
You have reached level 3!
Your experience leads to an increase in your attributes!
Increase (S)trength, (I)ntelligence, or (D)exterity?
You feel clever. x2
You open the door.
There is an open door here.
A steam dragon comes into view.
The steam dragon hisses angrily.
You closely miss the steam dragon. The steam dragon bites you!
The steam dragon closely misses you.
As you read the scroll of fear, it crumbles to dust.
You assume a fearsome visage.
The steam dragon looks frightened!
A hound comes into view.
Found an escape hatch in the floor.
An orc wizard comes into view. It is wielding a +0 dagger.
You enter the deep water.
Okay, then.
Found a shimmering blue altar of Sif Muna.
The helpless orc wizard fails to defend itself.
You hit the orc wizard. You grab the orc wizard.
The orc wizard is lightly wounded.
You constrict the orc wizard. The orc wizard casts a spell at you.
The puff of flame hits you!
Ouch! That really hurt!
You hit the orc wizard but do no damage.
The orc wizard is moderately wounded.
You are engulfed in a cloud of scalding steam.
You die...

.......##....##.#####.....#
..8...8##.....###...###...#
8###_#**#....##.......##..# *#
#**###...##.........##.####
#######'#...#....≈≈≈....#....#
...##....####...≈≈≈≈≈...####.#
##.##....#.....≈≈...≈≈.....#.#
#.##....#._...≈≈o>.≈≈.......#
#.##....#.....≈@...≈≈.....###
#.##....####...≈≈≈≈≈...####
##.##.....# #....≈≈≈....#.#
##.##.....# ##.........##.#
.#.##.....# ##.......##.##
....#.....# ###...####.#
#.........#### ######...#
#....####....#######...###
#....# #....##......###


You could see an orc wizard.

Vanquished Creatures
  A hound (D:5)
  An adder (D:5)
  A dart slug (D:5)
3 creatures vanquished.

Notes
Turn   | Place    | Note
-------+----------+-------------------------------------------
     0 | D:5      | Esekla the Octopode Delver began the quest for the Orb.
     0 | D:5      | Reached XP level 1. HP: 16/16 MP: 1/1
    24 | D:5      | Found a basalt altar of Yredelemnul.
   100 | D:5      | Reached skill level 7 in Stealth
   100 | D:5      | Reached XP level 2. HP: 21/21 MP: 2/2
   205 | D:5      | Found a glowing silver altar of Zin.
   290 | D:5      | Found a hazy altar of Hepliaklqana.
   528 | D:5      | Reached XP level 3. HP: 23/26 MP: 3/3
   545 | D:5      | Noticed a steam dragon
   595 | D:5      | Found a shimmering blue altar of Sif Muna.
   599 | D:5      | Engulfed by an orc wizard's steam

Illustrated notes

Levels and vault maps discovered:
D:5:      layout_basic, tgw_sif, nicolae_overflow_hidden_temple, zin_treasury,
          nicolae_goblin_pals

Skill      XL: |  1 |
---------------+----+-----
Stealth        | 7 |  7.5
Fighting       | |  3.2
Long Blades    | |  2.2
Dodging        | |  2.2
Spellcasting   | |  0.5

Action                     || total
---------------------------++-------
  Melee: Falchion          ||    10
         Constrict         ||     4
         Punch             ||     1
         Tentacles         ||     1
  Evoke: Wand              ||     1
    Use: Scroll            ||     2
   Stab: Sleeping          ||     2
  Dodge: Dodged            ||     7

Table legend: (Time is in decaauts)
 A = Elapsed time spent in this place.
 B = Non-inter-level travel time spent in this place.
 C = Inter-level travel time spent in this place.
 D = Time resting spent in this place.
 E = Time spent auto-exploring this place.
 F = Levels seen in this place.
 G = Mean time per level.
                   A        B        C        D        E       F      G
               +--------+--------+--------+--------+--------+-----+--------+
         Total |    600 |    600 |      0 |    134 |     28 |   1 |  600.0 |
       Dungeon |    600 |    600 |      0 |    134 |     28 |   1 |  600.0 |
               +--------+--------+--------+--------+--------+-----+--------+

Top non-repeatable levels by time:
     D:5: 600 daAuts
